| TOP OF THE 1ST |
|
University of California Golden Bears batting - Pitching for Pennsylvania State University Nittany Lions : RHP Jesus Castro
|
|
Pitching: RHP Jesus Castro
|
|
|
Batting: RHB Timoleon Tsikouna
|
0-0: Ball 1-0: Ball 2-0: Foul Ball, location: 2F 2-1: Ball 3-1: Called Strike 3-2: Fly out, F2 (Popup, 25F, EV 79.4 MPH)
|
|
Batting: RHB Mike Gangi
|
0-0: Called Strike 0-1: Ball 1-1: SINGLE (Line Drive, 9S, EV 93.1 MPH)
|
|
Batting: RHB Tony Harper
|
0-0: Called Strike 0-1: Swinging Strike 0-2: Ball 1-2: Grounds into double play, 5-4-3 (Groundball, 5, EV 76.9 MPH)
|
| Top of the 1st over - 0 runs, 1 hit, 0 errors, 0 left on base; University of California 0 - Pennsylvania State University 0 |
| BOTTOM OF THE 1ST |
|
Pennsylvania State University Nittany Lions batting - Pitching for University of California Golden Bears : RHP Jeremy Trotter
|
|
Pitching: RHP Jeremy Trotter
|
|
|
Batting: RHB Julian Gregory
|
0-0: Ball 1-0: Ball 2-0: Called Strike 2-1: SINGLE (Groundball, 4MD, EV 105.6 MPH)
|
|
Batting: RHB Chris Trites
|
0-0: Ball 1-0: Fly out, F5 (Popup, 56S, EV 85.0 MPH)
|
|
Batting: RHB Ben Burkholder
|
0-0: Ball 1-0: Foul Ball, location: 2F 1-1: Foul Ball, location: 2F 1-2: Foul Ball, location: 2F 1-2: Foul Ball, location: 2F 1-2: Foul Ball, location: 2F 1-2: Foul Ball, location: 2F 1-2: Foul Ball, location: 2F 1-2: Fly out, F7 (Line Drive, 7, EV 85.0 MPH)
|
|
Batting: LHB Angel Oropeza
|
0-0: Ball 1-0: Foul Ball, location: 2F 1-1: Ball 2-1: Swinging Strike 2-2: Foul Ball, location: 2F 2-2: SINGLE (Groundball, 5S, EV 63.8 MPH) (infield hit) Julian Gregory to second
|
|
Batting: RHB Tim Long
|
0-0: Ball 1-0: Ball 2-0: SINGLE (Groundball, 6D, EV 101.9 MPH) Julian Gregory to third Angel Oropeza to second Runner from 3rd tries for Home, SAFE, throw by CF to home
|
|
Batting: RHB Eric Wiss
|
0-0: Called Strike 0-1: Swinging Strike 0-2: Ball 1-2: Fly out, F7 (Flyball, 7S, EV 96.3 MPH)
|
| Bottom of the 1st over - 1 run, 3 hits, 0 errors, 2 left on base; University of California 0 - Pennsylvania State University 1 |
| TOP OF THE 2ND |
|
University of California Golden Bears batting - Pitching for Pennsylvania State University Nittany Lions : RHP Jesus Castro
|
|
Batting: RHB Tommy Hunter
|
0-0: Swinging Strike 0-1: Ball 1-1: Called Strike 1-2: Strikes out swinging
|
|
Batting: RHB Dan Myers
|
0-0: Called Strike 0-1: Swinging Strike 0-2: Ball 1-2: Foul Ball, location: 2F 1-2: Ground out 6-3 (Groundball, 56, EV 103.1 MPH)
|
|
Batting: LHB Dean Luttman
|
0-0: Ball 1-0: Ball 2-0: Foul Ball, location: 2F 2-1: Foul Ball, location: 2F 2-2: Foul Ball, location: 2F 2-2: Fly out, F7 (Flyball, 78XD, EV 103.1 MPH)
|
| Top of the 2nd over - 0 runs, 0 hits, 0 errors, 0 left on base; University of California 0 - Pennsylvania State University 1 |
| BOTTOM OF THE 2ND |
|
Pennsylvania State University Nittany Lions batting - Pitching for University of California Golden Bears : RHP Jeremy Trotter
|
|
Batting: RHB Brian Rogers
|
0-0: Called Strike 0-1: Foul Ball, location: 2F 0-2: Fly out, F8 (Flyball, 8LM, EV 90.6 MPH)
|
|
Batting: RHB Ethan Finke
|
0-0: Foul Ball, location: 2F 0-1: Ground out 5-3 (Groundball, 15, EV 91.3 MPH)
|
|
Batting: RHB Luke Vaccarino
|
0-0: Ball 1-0: Fly out, F6 (Popup, 25, EV 83.1 MPH)
|
| Bottom of the 2nd over - 0 runs, 0 hits, 0 errors, 0 left on base; University of California 0 - Pennsylvania State University 1 |
| TOP OF THE 3RD |
|
University of California Golden Bears batting - Pitching for Pennsylvania State University Nittany Lions : RHP Jesus Castro
|
|
Batting: RHB Gojko Golob
|
0-0: Called Strike 0-1: Ball 1-1: Called Strike 1-2: Ball 2-2: Reached on error, E6 (Groundball, 6, EV 88.1 MPH)
|
|
Batting: LHB Dean Bloemendal
|
0-0: 2-RUN HOME RUN (Flyball, 7D, EV 108.1 MPH), Distance : 415 ft
|
|
Batting: LHB Yomas Rodriguez
|
0-0: Bunt for hit to 13S - play at first, batter OUT! 1-3
|
|
Batting: RHB Timoleon Tsikouna
|
0-0: Ball 1-0: Foul Ball, location: 2F 1-1: Foul Ball, location: 2F 1-2: Ball 2-2: Fly out, F7 (Line Drive, 7, EV 85.6 MPH)
|
|
Batting: RHB Mike Gangi
|
0-0: Ball 1-0: Ball 2-0: Called Strike 2-1: Foul Ball, location: 2F 2-2: SINGLE (Groundball, 4MD, EV 94.4 MPH)
|
|
Batting: RHB Tony Harper
|
0-0: Called Strike 0-1: DOUBLE (Flyball, 8RXD, EV 108.8 MPH) Mike Gangi to third
|
|
Batting: RHB Tommy Hunter
|
0-0: Called Strike 0-1: Foul Ball, location: 2F 0-2: Ball 1-2: Ball 2-2: Ball 3-2: Fly out, F9 (Flyball, 9D, EV 95.6 MPH)
|
| Top of the 3rd over - 2 runs, 3 hits, 1 error, 2 left on base; University of California 2 - Pennsylvania State University 1 |
| BOTTOM OF THE 3RD |
|
Pennsylvania State University Nittany Lions batting - Pitching for University of California Golden Bears : RHP Jeremy Trotter
|
|
Batting: RHB Julian Gregory
|
0-0: Ball 1-0: SOLO HOME RUN (Flyball, 7LD, EV 101.3 MPH), Distance : 376 ft
|
|
Batting: RHB Chris Trites
|
0-0: Ball 1-0: Foul Ball, location: 2F 1-1: Ball 2-1: Foul Ball, location: 2F 2-2: DOUBLE (Line Drive, 9LS, EV 107.5 MPH)
|
|
Batting: RHB Ben Burkholder
|
0-0: Ball 1-0: Ball 2-0: Fly out, F4 (Line Drive, 4, EV 75.0 MPH)
|
|
Batting: LHB Angel Oropeza
|
0-0: Swinging Strike 0-1: Foul Ball, location: 2F 0-2: Ball 1-2: Strikes out swinging
|
|
Batting: RHB Tim Long
|
0-0: Called Strike 0-1: Swinging Strike 0-2: Foul Ball, location: 2F 0-2: Ball Wild Pitch! Chris Trites to third 1-2: Strikes out swinging
|
| Bottom of the 3rd over - 1 run, 2 hits, 0 errors, 1 left on base; University of California 2 - Pennsylvania State University 2 |
| TOP OF THE 4TH |
|
University of California Golden Bears batting - Pitching for Pennsylvania State University Nittany Lions : RHP Jesus Castro
|
|
Batting: RHB Dan Myers
|
0-0: Fly out, F8 (Line Drive, 8LD, EV 109.4 MPH)
|
|
Batting: LHB Dean Luttman
|
0-0: Ball 1-0: Ball 2-0: SINGLE (Line Drive, 89M, EV 92.5 MPH)
|
|
Batting: RHB Gojko Golob
|
0-0: Called Strike 0-1: Ball 1-1: Ball 2-1: Foul Ball, location: 2F 2-2: Strikes out swinging
|
|
Batting: LHB Dean Bloemendal
|
0-0: Ball 1-0: Foul Ball, location: 2F 1-1: SINGLE (Groundball, 6S, EV 70.0 MPH) (infield hit) Dean Luttman to second
|
|
Batting: LHB Yomas Rodriguez
|
0-0: Called Strike 0-1: Ball 1-1: Foul Ball, location: 2F 1-2: Foul Ball, location: 2F 1-2: Ball 2-2: Ball 3-2: Foul Ball, location: 2F 3-2: Strikes out swinging
|
| Top of the 4th over - 0 runs, 2 hits, 0 errors, 2 left on base; University of California 2 - Pennsylvania State University 2 |
| BOTTOM OF THE 4TH |
|
Pennsylvania State University Nittany Lions batting - Pitching for University of California Golden Bears : RHP Jeremy Trotter
|
|
Batting: RHB Eric Wiss
|
0-0: Called Strike 0-1: Ball 1-1: Swinging Strike 1-2: Ball 2-2: Ball 3-2: Foul Ball, location: 2F 3-2: Fly out, F4 (Flyball, 34D, EV 95.0 MPH)
|
|
Batting: RHB Brian Rogers
|
0-0: SINGLE (Flyball, 56D, EV 88.1 MPH)
|
|
Batting: RHB Ethan Finke
|
0-0: Swinging Strike 0-1: Foul Ball, location: 2F 0-2: Ball 1-2: Strikes out looking
|
|
Batting: RHB Luke Vaccarino
|
0-0: Ball 1-0: Fly out, F9 (Flyball, 9D, EV 78.8 MPH)
|
| Bottom of the 4th over - 0 runs, 1 hit, 0 errors, 1 left on base; University of California 2 - Pennsylvania State University 2 |
| TOP OF THE 5TH |
|
University of California Golden Bears batting - Pitching for Pennsylvania State University Nittany Lions : RHP Jesus Castro
|
|
Pitching: LHP Mike Moreno
|
|
|
Batting: RHB Timoleon Tsikouna
|
0-0: Called Strike 0-1: Called Strike 0-2: Ball 1-2: Ball 2-2: DOUBLE (Line Drive, 89D, EV 101.3 MPH)
|
|
Batting: RHB Mike Gangi
|
0-0: Called Strike 0-1: Ball 1-1: Foul Ball, location: 2F 1-2: Strikes out swinging
|
|
Batting: RHB Tony Harper
|
0-0: Ball 1-0: Called Strike 1-1: Foul Ball, location: 2F 1-2: Strikes out swinging
|
|
Batting: RHB Tommy Hunter
|
0-0: Called Strike 0-1: Swinging Strike 0-2: Strikes out swinging
|
| Top of the 5th over - 0 runs, 1 hit, 0 errors, 1 left on base; University of California 2 - Pennsylvania State University 2 |
| BOTTOM OF THE 5TH |
|
Pennsylvania State University Nittany Lions batting - Pitching for University of California Golden Bears : RHP Jeremy Trotter
|
|
Pitching: LHP Ben Hutchison
|
|
|
Batting: RHB Julian Gregory
|
0-0: Ball 1-0: Called Strike 1-1: Ground out 6-3 (Groundball, 6MS, EV 69.4 MPH)
|
|
Batting: RHB Chris Trites
|
0-0: Ball 1-0: Ball 2-0: Bunt for hit to P - play at first, batter OUT! 1-3
|
|
Batting: RHB Ben Burkholder
|
0-0: Called Strike 0-1: Fly out, F8 (Flyball, 89M, EV 92.5 MPH)
|
| Bottom of the 5th over - 0 runs, 0 hits, 0 errors, 0 left on base; University of California 2 - Pennsylvania State University 2 |
| TOP OF THE 6TH |
|
University of California Golden Bears batting - Pitching for Pennsylvania State University Nittany Lions : LHP Mike Moreno
|
|
Batting: RHB Dan Myers
|
0-0: Ball 1-0: Foul Ball, location: 2F 1-1: Hit by Pitch
|
|
Batting: LHB Dean Luttman
|
|
|
Pinch Hitting: RHB Devon Dill
|
0-0: Called Strike 0-1: Ball 1-1: Ball Wild Pitch! Dan Myers to second 2-1: Ball 3-1: Fly out, F9 (Flyball, 89D, EV 86.9 MPH) Runner from 2nd tags up, SAFE at 3rd, no throw by RF
|
|
Batting: RHB Gojko Golob
|
0-0: Ball 1-0: Ball 2-0: Fly out, F1 (Line Drive, P, EV 66.9 MPH)
|
|
Batting: LHB Dean Bloemendal
|
0-0: Called Strike 0-1: Ball 1-1: Foul Ball, location: 2F 1-2: Ball 2-2: Strikes out swinging
|
| Top of the 6th over - 0 runs, 0 hits, 0 errors, 1 left on base; University of California 2 - Pennsylvania State University 2 |
| BOTTOM OF THE 6TH |
|
Pennsylvania State University Nittany Lions batting - Pitching for University of California Golden Bears : LHP Ben Hutchison
|
|
Pitching: RHP Ramiro Ramirez
|
|
|
Now in RF: Ryan Roberts
|
|
|
Batting: LHB Angel Oropeza
|
0-0: Foul Ball, location: 2F 0-1: Called Strike 0-2: Ball 1-2: Foul Ball, location: 2F 1-2: Ball 2-2: Foul Ball, location: 2F 2-2: Foul Ball, location: 2F 2-2: Strikes out swinging
|
|
Batting: RHB Tim Long
|
0-0: Ball 1-0: Fly out, F6 (Flyball, 56D, EV 77.5 MPH)
|
|
Batting: RHB Eric Wiss
|
0-0: Fly out, F7 (Flyball, 7, EV 76.9 MPH)
|
| Bottom of the 6th over - 0 runs, 0 hits, 0 errors, 0 left on base; University of California 2 - Pennsylvania State University 2 |
| TOP OF THE 7TH |
|
University of California Golden Bears batting - Pitching for Pennsylvania State University Nittany Lions : LHP Mike Moreno
|
|
Pitching: RHP Greg Hall
|
|
|
Batting: LHB Yomas Rodriguez
|
0-0: Ball 1-0: Called Strike 1-1: Called Strike 1-2: Ground out 4-3 (Groundball, 4, EV 90.0 MPH)
|
|
Pinch Hitting: SHB Javon Mitchell
|
0-0: Foul Ball, location: 2F 0-1: Swinging Strike 0-2: Ball 1-2: Strikes out looking
|
|
Batting: RHB Nelson Calderon
|
0-0: Called Strike 0-1: Ball 1-1: Ball 2-1: Ground out 6-3 (Groundball, 6, EV 103.8 MPH)
|
| Top of the 7th over - 0 runs, 0 hits, 0 errors, 0 left on base; University of California 2 - Pennsylvania State University 2 |
| BOTTOM OF THE 7TH |
|
Pennsylvania State University Nittany Lions batting - Pitching for University of California Golden Bears : RHP Ramiro Ramirez
|
|
Now at SS: Javon Mitchell
|
|
|
Batting: RHB Brian Rogers
|
0-0: SOLO HOME RUN (Flyball, 9D, EV 96.3 MPH), Distance : 372 ft
|
|
Batting: RHB Ethan Finke
|
0-0: Foul Ball, location: 2F 0-1: Ball 1-1: Ball 2-1: Ball 3-1: Swinging Strike 3-2: Ground out 4-3 (Groundball, 34D, EV 96.3 MPH)
|
|
Batting: RHB Luke Vaccarino
|
0-0: Called Strike 0-1: Swinging Strike 0-2: Ball 1-2: Ground out 3-1 (Groundball, 34, EV 86.3 MPH)
|
|
Pinch Hitting: RHB Alberto Bravo
|
0-0: Fly out, F7 (Flyball, 78S, EV 86.9 MPH)
|
| Bottom of the 7th over - 1 run, 1 hit, 0 errors, 0 left on base; University of California 2 - Pennsylvania State University 3 |
| TOP OF THE 8TH |
|
University of California Golden Bears batting - Pitching for Pennsylvania State University Nittany Lions : RHP Greg Hall
|
|
Now in CF: Mike Larson
|
|
|
Batting: RHB Tony Harper
|
0-0: Ground out 6-3 (Groundball, 56, EV 81.9 MPH)
|
|
Batting: RHB Tommy Hunter
|
0-0: Foul Ball, location: 2F 0-1: Ball 1-1: Fly out, F8 (Flyball, 89D, EV 90.0 MPH)
|
|
Pinch Hitting: RHB Tyler Arrington
|
0-0: Called Strike 0-1: Swinging Strike 0-2: Ball 1-2: Strikes out swinging
|
| Top of the 8th over - 0 runs, 0 hits, 0 errors, 0 left on base; University of California 2 - Pennsylvania State University 3 |
| BOTTOM OF THE 8TH |
|
Pennsylvania State University Nittany Lions batting - Pitching for University of California Golden Bears : RHP Ramiro Ramirez
|
|
Pitching: RHP Luis Astudillo
|
|
|
Now in CF: Tyler Arrington
|
|
|
Pinch Hitting: SHB Kevin Greenan
|
0-0: Foul Ball, location: 2F 0-1: Ball 1-1: Swinging Strike 1-2: Strikes out swinging
|
|
Batting: RHB Ben Burkholder
|
0-0: Called Strike 0-1: Swinging Strike 0-2: Strikes out swinging
|
|
Pinch Hitting: LHB Tyler Francis
|
0-0: Foul Ball, location: 2F 0-1: Foul Ball, location: 2F 0-2: Ball 1-2: Ball 2-2: Foul Ball, location: 2F 2-2: Ball 3-2: Fly out, F5 (Popup, 56S, EV 81.9 MPH)
|
| Bottom of the 8th over - 0 runs, 0 hits, 0 errors, 0 left on base; University of California 2 - Pennsylvania State University 3 |
| TOP OF THE 9TH |
|
University of California Golden Bears batting - Pitching for Pennsylvania State University Nittany Lions : RHP Greg Hall
|
|
Pitching: LHP Ighlas Kumbuka
|
|
|
Now at 1B: Brad Adams Jr.
|
|
|
Now at 3B: Kevin Greenan
|
|
|
Now in RF: Fate Makeever
|
|
|
Batting: RHB Ryan Roberts
|
0-0: Ground out 6-3 (Groundball, 6, EV 108.1 MPH)
|
|
Batting: RHB Gojko Golob
|
0-0: Called Strike 0-1: Ball 1-1: Foul Ball, location: 2F 1-2: Ground out 6-3 (Groundball, 56S, EV 82.5 MPH)
|
|
Batting: LHB Dean Bloemendal
|
0-0: Ball 1-0: Ground out 5-3 (Groundball, 5, EV 81.3 MPH)
|
| Top of the 9th over - 0 runs, 0 hits, 0 errors, 0 left on base; University of California 2 - Pennsylvania State University 3 |
|